 Seeded DCSS version 0.30-a0-964-gd452b5e7fa (webtiles) character file.

Game seed: 3125986916090331667 (custom seed)

2 Parcival the Sneak (level 1, 12/12 HPs)
             Began as a Kobold Brigand on Mar 30, 2023.
             Quit the game on level 1 of the Dungeon.
             The game lasted 00:00:17 (39 turns).

Parcival the Sneak (Kobold Brigand)                   Turns: 39, Time: 00:00:17

Health: 12/12      AC:  3    Str:  8    XL:     1   Next: 33%
Magic:  1/1        EV: 14    Int: 12    God:
Gold:   0          SH:  0    Dex: 16    Spells: 0/0 levels left

rFire   . . .      SeeInvis .    f - +4 demon trident (flame)
rCold   . . .      Faith    .    (shield currently unavailable)
rNeg    . . .      Spirit   .    b - +0 robe
rPois   .          Reflect  .    (no helmet)
rElec   .          Rampage  .    c - +0 cloak
rCorr   .                        (no gloves)
Will    .....                    (no boots)
Stlth   ++++                     (no amulet)
HPRegen 0.22/turn                (no ring)
MPRegen 0.07/turn                (no ring)

@: no status effects
A: small, no large weapons, nightstalker 3
a: no special abilities


You were on level 1 of the Dungeon.
You visited 1 branch of the dungeon, and saw 1 of its levels.

Inventory:

Hand Weapons
 a - a +2 dagger
 f - a +4 demon trident of flaming (weapon)
Missiles
 d - 9 poisoned darts (quivered)
 e - 3 curare-tipped darts
Armour
 b - a +0 robe (worn)
 c - a +0 cloak (worn)
Scrolls
 g - a scroll of brand weapon {unknown}


   Skills:
 + Level 2.1 Fighting
 + Level 2.6 Short Blades
 + Level 2.1 Throwing
 + Level 1.2 Dodging
 + Level 5.5 Stealth


You couldn't memorise any spells.
You didn't know any spells.
Your spell library was empty.

Dungeon Overview and Level Annotations

Branches:
Dungeon (1/15)

Altars:


Innate Abilities, Weirdness & Mutations

You are small and have problems with some larger weapons.
You are completely attuned to the shadows.


Message History

Welcome, Parcival the Kobold Brigand.
Game seed: 3125986916090331667 (custom seed) Press ? for a list of commands and other information.
Found a staircase leading out of the dungeon.
A goblin comes into view. It is wielding a +0 dagger.
Found a stone staircase leading down.
An endoplasm comes into view.
Found a scroll labelled ROKLIF FIDEHY.
You see here a scroll labelled ROKLIF FIDEHY.
This is a scroll of acquirement!
Something appears at your feet!
Your +4 demon trident of flaming bursts into flame!
f - a +4 demon trident of flaming (weapon)
The goblin hits you but does no damage. The goblin hits you with a +0 dagger.
You puncture the goblin! You burn the goblin.
You kill the goblin!
The helpless endoplasm fails to defend itself.
You puncture the endoplasm! You burn the endoplasm.
You kill the endoplasm!
g - a scroll labelled WET RICICU Are you sure you want to abandon this character and quit the game? (Confirm with "yes".)

... #... ...?
##.### ##@##~b
#.##~.. ######
#.#~.Pb .....#
##.#~...
###.####..+.Pb.
#.........#~..
#.).....#.#~.P
#....#....##~.
......>.....##~


There were no monsters in sight!

Vanquished Creatures
  An endoplasm (D:1)
  A goblin (D:1)
2 creatures vanquished.

Notes
Turn   | Place    | Note
-------+----------+-------------------------------------------
     0 | D:1      | Parcival the Kobold Brigand began the quest for the Orb.
     0 | D:1      | Reached XP level 1. HP: 12/12 MP: 1/1
    19 | D:1      | Identified a scroll of acquirement
    19 | D:1      | Acquired a +4 demon trident of flaming
    39 | D:1      | Quit the game

Illustrated notes

Levels and vault maps discovered:
D:1:      amcnicky_arrival_single_pillar, layout_loops_cross,
          hangedman_glass_garden

Action                     || total
---------------------------++-------
  Melee: Demon trident     ||     2
    Use: Scroll            ||     1
   Stab: Sleeping          ||     1
 Armour: Robe              ||     1

Table legend: (Time is in decaauts)
 A = Elapsed time spent in this place.
 B = Non-inter-level travel time spent in this place.
 C = Inter-level travel time spent in this place.
 D = Time resting spent in this place.
 E = Time spent auto-exploring this place.
 F = Levels seen in this place.
 G = Mean time per level.
                   A        B        C        D        E       F      G
               +--------+--------+--------+--------+--------+-----+--------+
         Total |     39 |     39 |      0 |      0 |     16 |   1 |   39.0 |
       Dungeon |     39 |     39 |      0 |      0 |     16 |   1 |   39.0 |
               +--------+--------+--------+--------+--------+-----+--------+

Top non-repeatable levels by time:
     D:1: 39 daAuts
